 Dungeon Crawl Stone Soup version 0.24-b1 (webtiles) character file.

Game seed: 7071521343580708945, levelgen mode: deterministic

1012 SMRT the Slicer (level 8, 0/53 HPs)
             Began as a Kobold Hunter on Oct 13, 2019.
             Slain by an iguana (9 damage)
             ... on level 4 of the Dungeon.
             The game lasted 00:16:32 (7998 turns).

SMRT the Slicer (Kobold Hunter)                     Turns: 7998, Time: 00:16:33

Health: 0/53       AC:  6    Str:  9      XL:     8   Next: 45%
Magic:  8/8        EV: 13    Int: 15      God:
Gold:   322        SH:  0    Dex: 12 (15) Spells: 7/7 levels left

rFire    . . .     SeeInvis .   b - +0 short sword
rCold    . . .     Gourm    .   (shield restricted)
rNeg     . . .     Faith    .   t - +0 ring mail
rPois    .         Spirit   .   (no helmet)
rElec    .         Reflect  .   F - +0 cloak
rCorr    .         Harm     .   (no gloves)
MR       .....                  (no boots)
Stlth    +.........             (no amulet)
HPRegen  0.17/turn              (no ring)
MPRegen  0.11/turn              (no ring)

@: no status effects
A: small, carnivore
a: no special abilities


You were on level 4 of the Dungeon.
You were full.

You visited 1 branch of the dungeon, and saw 6 of its levels.

You collected 322 gold pieces.

Inventory:

Hand Weapons
 a - a +2 hand crossbow
 b - a +0 short sword (weapon)
 h - a +0 long sword of holy wrath
 w - a +0 hunting sling
 y - a +2 dagger of speed
Missiles
 d - 26 bolts
 x - 47 stones
 A - 4 poisoned darts (quivered)
Armour
 c - a +0 leather armour
 t - a +0 ring mail (worn)
 E - a cursed +0 ring mail
 F - a +0 cloak (worn)
Magical Staves
 C - an uncursed staff of air {unknown}
Jewellery
 i - an uncursed ring of resist corrosion {unknown}
Scrolls
 g - 3 scrolls of enchant weapon
 l - a scroll of blinking {unknown}
 m - a scroll of remove curse {unknown}
 n - 5 scrolls of teleportation
 r - 2 scrolls of magic mapping
 u - a scroll of fog
 B - a scroll of amnesia {unknown}
 D - a scroll of fear {unknown}
 G - a scroll of enchant armour {unknown}
Potions
 e - a potion of heal wounds
 j - 3 potions of curing
 k - 2 potions of cancellation
 o - 2 potions of brilliance
 p - a potion of invisibility
 q - a potion of degeneration
 s - a potion of agility {unknown}
 v - a potion of mutation {unknown}
 z - a potion of lignification {unknown}
Comestibles
 f - 17 rations


   Skills:
 + Level 7.5 Fighting
 + Level 8.4 Short Blades
 - Level 4.8 Crossbows
 - Level 2.4 Dodging
 - Level 1.3 Stealth


You had 7 spell levels left.
You didn't know any spells.
Your spell library was empty.

Dungeon Overview and Level Annotations

Branches:
Dungeon (6/15)             Temple (0/1) D:5

Altars:
Cheibriados
Makhleb
Nemelex Xobeh
Qazlal
Trog
Wu Jian
The Shining One


Innate Abilities, Weirdness & Mutations

You are small and have problems with some larger weapons.
You are carnivorous and can eat meat at any time.


Message History

The iguana bites you but does no damage.
You hit the iguana.
The iguana is severely wounded.
The iguana barely misses you.
You hit the iguana but do no damage.
The iguana is severely wounded.
You hit the iguana but do no damage.
The iguana is severely wounded.
The iguana barely misses you.
You hit the iguana.
The iguana is severely wounded.
The iguana bites you!
* * * LOW HITPOINT WARNING * * *
You hit the iguana but do no damage.
The iguana is severely wounded.
Unknown command.
You hit the iguana but do no damage.
The iguana is severely wounded.
The iguana bites you!
You die...

.## ####.#####.#######
## ####...[......#
#.##.##.##.#
########.##.##.##.# ##
#.....##.##....##.#
.###.....##.##....<..#
.........##....##.##.#
..##.....#..#........#
..##.....#.###..@l##.#
..########..#..#####.#
..# ##....#####.# .##
##.#.......#
########## #.#########
##.......# #.#
...#.#.#.###.#
#...###......#
.....#.#.#####


You could see an iguana.

Vanquished Creatures
  Sigmund (D:3)
  A water moccasin (D:4)
  2 phantoms (D:4)
  An ogre (D:3)
  A scorpion (D:4)
  2 howler monkeys
  4 hounds
  A jelly (D:3)
  A worker ant (D:4)
  A gnoll (D:4)
  7 adders
  A shadow imp (D:6)
  An ooze (D:2)
  2 worms
  3 dart slugs
  2 leopard geckos
  6 orcs
  8 bats
  6 giant cockroaches
  11 goblins
  5 hobgoblins
  10 jackals
  7 kobolds
  A ball python (D:1)
  8 frilled lizards
  A jackal skeleton (D:4)
  A leopard gecko skeleton (D:5)
  A quokka skeleton (D:4)
  2 rats (D:2)
98 creatures vanquished.

Notes
Turn   | Place    | Note
-------+----------+-------------------------------------------
     0 | D:1      | SMRT the Kobold Hunter began the quest for the Orb.
     0 | D:1      | Reached XP level 1. HP: 12/12 MP: 1/1
    70 | D:1      | Reached skill level 1 in Short Blades
   116 | D:1      | Reached XP level 2. HP: 18/18 MP: 2/2
   321 | D:1      | Reached skill level 2 in Short Blades
   363 | D:1      | Reached XP level 3. HP: 23/23 MP: 3/3
  1047 | D:2      | Found a glowing golden altar of the Shining One.
  1047 | D:2      | Found a snail-covered altar of Cheibriados.
  1047 | D:2      | Found a bloodstained altar of Trog.
  1168 | D:2      | Reached skill level 3 in Short Blades
  1168 | D:2      | Reached XP level 4. HP: 12/28 MP: 4/4
  2230 | D:3      | You fall into a shaft and drop 3 floors!
  2230 | D:6      | Found a stormy altar of Qazlal.
  2260 | D:6      | Reached skill level 4 in Short Blades
  2260 | D:6      | Reached XP level 5. HP: 33/33 MP: 5/5
  2388 | D:5      | Entered Level 5 of the Dungeon
  2508 | D:4      | Reached XP level 6. HP: 39/39 MP: 6/6
  2582 | D:3      | Reached skill level 5 in Short Blades
  2829 | D:3      | Found a burning altar of Makhleb.
  2832 | D:3      | Found an ornate altar of the Wu Jian Council.
  2902 | D:3      | Reached skill level 5 in Fighting
  2915 | D:3      | Noticed Sigmund
  2927 | D:3      | Killed Sigmund
  2927 | D:3      | Reached skill level 6 in Short Blades
  2927 | D:3      | Reached XP level 7. HP: 20/44 MP: 7/7
  3984 | D:4      | Noticed a water moccasin
  4014 | D:4      | Killed a water moccasin
  4358 | D:4      | Reached skill level 7 in Short Blades
  5292 | D:3      | Reached XP level 8. HP: 20/52 MP: 8/8
  6393 | D:4      | Found a sparkling altar of Nemelex Xobeh.
  6700 | D:4      | Reached skill level 8 in Short Blades
  7489 | D:4      | Found a sparkling altar of Nemelex Xobeh.
  7934 | D:5      | Found a staircase to the Ecumenical Temple.
  7957 | D:5      | Noticed a hippogriff
  7998 | D:4      | Slain by an iguana

Skill      XL: |  1  2  3  4  5  6  7  8 |
---------------+-------------------------+-----
Short Blades   | 1 2 3 4 6 7 8 |  8.4
Fighting       | 3 4 5 6 7 |  7.5
Crossbows      | |  4.8
Dodging        | |  2.4
Stealth        | |  1.3

Action                   |  1- 3 |  4- 6 |  7- 9 || total
-------------------------+-------+-------+-------++-------
Melee: Short sword       |    62 |    87 |   322 ||   471
       Dagger            |       |       |    66 ||    66
 Fire: Hand crossbow     |    28 |    56 |    24 ||   108
       Hunting sling     |       |       |    16 ||    16
Throw: Dart              |       |       |     4 ||     4
       Stone             |       |       |     2 ||     2
  Use: Scroll            |       |     1 |    10 ||    11
       Potion            |       |       |     1 ||     1
 Stab: Sleeping          |     2 |     1 |       ||     3
  Eat: Chunk             |     9 |     4 |    14 ||    27
Armor: Leather armour    |    14 |     2 |       ||    16
       Ring mail         |       |    20 |    86 ||   106
Dodge: Dodged            |    32 |    69 |   209 ||   310
